 Dungeon Crawl Stone Soup version 0.28-a0-1159-g27aa881441 (webtiles) character file.

Game seed: 9936300337276224853

100 lonewolfV2 the Ducker (level 4, -7/44 HPs)
             Began as a Troll Fighter on Dec 15, 2021.
             Mangled by Sigmund (13 damage)
             ... on level 3 of the Dungeon.
             The game lasted 00:04:13 (1261 turns).

lonewolfV2 the Ducker (Troll Fighter)               Turns: 1261, Time: 00:04:14

Health: -7/44      AC:  4    Str: 24    XL:     4   Next: 46%
Magic:  3/3        EV: 10    Int:  4    God:
Gold:   1230       SH:  0    Dex: 11    Spells: 3/3 levels left

rFire   . . .      SeeInvis .   k - +3 triple sword (elec)
rCold   . . .      Faith    .   (shield currently unavailable)
rNeg    . . .      Spirit   .   a - +0 robe
rPois   .          Reflect  .   (helmet restricted)
rElec   .          Harm     .   (no cloak)
rCorr   .          Rampage  .   (gloves unavailable)
Will    .....                   (boots unavailable)
Stlth   +.........              (no amulet)
HPRegen 0.94/turn               (no ring)
MPRegen 0.08/turn               (no ring)

@: no status effects
A: large, unfitting armour, claws 3, regeneration 1, shaggy fur 1, tough skin 1
a: no special abilities


You were on level 3 of the Dungeon.
You visited 1 branch of the dungeon, and saw 4 of its levels.

You collected 1230 gold pieces.

Inventory:

Hand Weapons
 k - a +3 triple sword of electrocution (weapon)
Armour
 a - a +0 robe (worn)
 b - a +0 kite shield
Scrolls
 h - 3 scrolls of blinking {unknown}
 i - a scroll of identify {unknown}
 j - 2 scrolls of teleportation {unknown}
Potions
 c - a potion of might
 d - a potion of invisibility {unknown}
 e - a potion of degeneration {unknown}
 f - a potion of cancellation {unknown}
 g - a potion of lignification {unknown}
 l - 2 potions of curing {unknown}
 m - a potion of magic {unknown}
 n - a potion of ambrosia {unknown}


   Skills:
 + Level 2.9 Fighting
 + Level 0.3 Long Blades
 + Level 3.1 Dodging
 + Level 3.0 Shields
 + Level 2.7 Unarmed Combat


You had 3 spell levels left.
You didn't know any spells.
Your spell library was empty.

Dungeon Overview and Level Annotations

Branches:
Dungeon (4/15)
 Temple: D:4-7

Altars:

Annotations:
D:3 Sigmund


Innate Abilities, Weirdness & Mutations

You are too large for most types of armour.
You have claws for hands.
Your natural rate of healing is unusually fast.
You are covered in fur. (AC +1)
You have tough skin. (AC +1)


Message History

You're too confused to move!
Sigmund barely misses you. Sigmund hits you with a +0 scythe.
You feel less confused. Sigmund barely misses you.
You barely miss Sigmund.
Sigmund is heavily wounded.
Sigmund points at you and mumbles some strange words.
You are confused.
Sigmund hits you with a +0 scythe! Sigmund closely misses you.
Sigmund misses you.
You bump into the rock wall.
Sigmund casts a spell.
Sigmund flickers and vanishes!
Deactivating autopickup; reactivate with Ctrl-A.
You feel less confused. Something hits you.
You hear some strange, mumbled words.
You are confused.
Something hits you!
You bump into the rock wall.
Something hits you but does no damage.
You bump into the rock wall.
Something hits you!
You're too confused to move!
You bump into the rock wall.
You feel less confused. Something hits you. Something hits you!
* * * LOW HITPOINT WARNING * * *
You closely miss something. Something hits you but does no damage.
You completely miss something.
You hear some strange, mumbled words.
A puff of flame appears from out of thin air!
The puff of flame hits you.
* * * LOW HITPOINT WARNING * * *
You miss something. Something hits you!
* * * LOW HITPOINT WARNING * * *
Something hits you!
You die...

##### ##...##
#.....### #.......#
#...@.#.#
##..{##†##
##.##...####
#...........#
#.#.##...##.#
#.#.###.###.# # #.#
#.###.######## #.#
#............#
.....(..#.######.##


There were no monsters in sight!

Vanquished Creatures
  A scorpion (D:3)
  2 dart slugs
  2 ball pythons (D:1)
  4 bats
  2 endoplasms
  2 giant cockroaches (D:2)
  5 hobgoblins (D:1)
  6 jackals
  2 quokkas
  A frilled lizard (D:3)
  4 goblins (D:1)
  4 kobolds (D:1)
  A rat (D:1)
36 creatures vanquished.

Notes
Turn   | Place    | Note
-------+----------+-------------------------------------------
     0 | D:1      | lonewolfV2 the Troll Fighter began the quest for the Orb.
     0 | D:1      | Reached XP level 1. HP: 22/22 MP: 0/0
   282 | D:1      | Identified a scroll of acquirement
   282 | D:1      | Acquired 1152 gold pieces
   292 | D:1      | Reached XP level 2. HP: 29/29 MP: 1/1
   947 | D:2      | Reached XP level 3. HP: 35/36 MP: 2/2
  1018 | D:2      | Acquired a +3 triple sword of electrocution
  1055 | D:2      | You fall into a shaft and drop 2 floors!
  1064 | D:4      | Noticed a scorpion
  1074 | D:3      | Killed a scorpion
  1075 | D:3      | Reached XP level 4. HP: 35/44 MP: 3/3
  1225 | D:3      | Noticed Sigmund
  1261 | D:3      | Mangled by Sigmund

Illustrated notes

Levels and vault maps discovered:
D:1:      saegor_arrival_simple_a, layout_basic, serial_corexii_hall,
          corexii_hall_statues_i, chequers_hall_statues_corner_a,
          corexii_hall_statues_l, corexii_hall_statues_l
D:2:      layout_rooms, ebering_ecumenical_altar_abandoned, basic_altar
D:3:      layout_loops_ring, grunt_decor_mini_mirrors, uniq_sigmund, uniq_ijyb
D:4:      layout_cave_pools, chequers_temple_overflow_minitemple, uniq_robin,
          uniq_pikel

Skill      XL: |  1  2  3 |
---------------+----------+-----
Dodging        | 3 |  3.1
Shields        | 3 |  3.0
Fighting       | |  2.9
Long Blades    | |  0.3
Unarmed Combat | |  2.7

Action                   |  1- 3 |  4- 6 || total
-------------------------+-------+-------++-------
Melee: Unarmed           |    75 |       ||    75
       Triple sword      |    10 |    16 ||    26
  Use: Scroll            |     3 |       ||     3
Armor: Robe              |    59 |     7 ||    66
Dodge: Dodged            |    68 |    11 ||    79
Block: Kite shield       |    58 |       ||    58

Table legend: (Time is in decaauts)
 A = Elapsed time spent in this place.
 B = Non-inter-level travel time spent in this place.
 C = Inter-level travel time spent in this place.
 D = Time resting spent in this place.
 E = Time spent auto-exploring this place.
 F = Levels seen in this place.
 G = Mean time per level.
                   A        B        C        D        E       F      G
               +--------+--------+--------+--------+--------+-----+--------+
         Total |   1293 |   1250 |     43 |      0 |    803 |   4 |  323.2 |
       Dungeon |   1293 |   1250 |     43 |      0 |    803 |   4 |  323.2 |
               +--------+--------+--------+--------+--------+-----+--------+

Top non-repeatable levels by time:
     D:1: 950 daAuts
     D:3: 200 daAuts
     D:2: 124 daAuts
     D:4: 17 daAuts
